AoeStats
← SDK. EL COLOMBIANO

Arabia

507758388Analyzed
2v2 RM · 14d ago on Sep 19, 2026· 94m 50s· 4 players
Game mode
Random Map
Map size
Medium (4 player)
Population
200
Speed
Normal
Resources
Standard
Victory
Conquest
Starting age
Dark Age
Ending age
Imperial Age
RankedLock teamsTeams togetherTeam positionsShared explorationLock speedFull tech treeHidden civsTurbo modeCheats
Victory
Defeat
🇹🇼 Bohemians · Taiwan
1023
+15
🇹🇼 Japanese · Taiwan
991
+16
🇦🇷 Goths · Argentina
1000
-16
🇨🇴 Magyars · Colombia
978
-15
SDK. EL COLOMBIANO
11:43 Feudal Age
10:59 Loom
15:19 Castle Age
15:45 Wheelbarrow
14:57 Town Watch
17:34 Hand Cart
23:01 Horse Collar
31:15 Town Patrol
32:51 Double-Bit Axe
37:21 Imperial Age
37:06 Corvinian Army
37:54 Stone Mining
37:54 Gold Mining
38:45 Conscription
42:31 Chemistry
41:42 Masonry
43:51 Scale Barding Armor
43:36 Elite Magyar Huszar
49:46 Chain Barding Armor
49:03 Light Cavalry
49:53 Bloodlines
50:04 Hussar
53:12 Bow Saw
56:31 Plate Barding Armor
55:47 Fletching
55:58 Padded Archer Armor
56:28 Recurve Bow
55:57 Heavy Cavalry Archer
57:03 Parthian Tactics
56:40 Cavalier
57:20 Husbandry
58:27 Husbandry
63:05 Bodkin Arrow
63:26 Leather Archer Armor
66:42 Bracer
67:24 Ring Archer Armor
80:44 Two-Man Saw
alcalyx93
8:30 Loom
10:43 Feudal Age
11:45 Double-Bit Axe
11:50 Man-at-Arms
13:35 Horse Collar
21:58 Wheelbarrow
26:47 Castle Age
24:44 Stone Mining
25:05 Scale Mail Armor
28:31 Heavy Plow
28:44 Bow Saw
29:37 Anarchy
30:21 Squires
30:48 Forging
34:06 Hand Cart
33:58 Town Watch
39:55 Imperial Age
37:41 Fletching
39:28 Chain Mail Armor
40:31 Fervor
41:18 Conscription
42:41 Gold Mining
42:59 Perfusion
44:02 Stone Shaft Mining
43:36 Elite Huskarl
45:20 Crop Rotation
45:53 Two-Man Saw
45:33 Iron Casting
44:53 Bodkin Arrow
45:47 Town Patrol
47:54 Blast Furnace
51:51 Bodkin Arrow
56:07 Pikeman
57:33 Murder Holes
57:50 Masonry
57:13 Sappers
59:48 Ballistics
Icewond
10:55 Feudal Age
13:17 Town Watch
14:04 Loom
16:49 Castle Age
15:43 Double-Bit Axe
16:24 Horse Collar
18:09 Bow Saw
24:57 Fletching
26:33 Ballistics
26:35 Scale Barding Armor
30:15 Wheelbarrow
29:27 Town Watch
30:28 Fortified Wall
31:21 Masonry
31:44 Bodkin Arrow
35:36 Imperial Age
33:21 Heavy Plow
34:27 Hand Cart
35:05 Wagenburg Tactics
36:39 Siege Engineers
36:23 Elite Hussite Wagon
37:26 Conscription
38:18 Two-Man Saw
37:30 Town Patrol
38:14 Architecture
42:37 Chain Barding Armor
42:28 Forging
42:04 Cavalier
42:44 Husbandry
44:55 Iron Casting
44:21 Bracer
43:51 Light Cavalry
44:50 Guilds
47:18 Blast Furnace
46:35 Treadmill Crane
47:56 Chemistry
48:24 Murder Holes
55:56 Pikeman
56:37 Squires
56:22 Arson
58:39 Caravan
59:20 Scale Mail Armor
58:43 Halberdier
67:38 Chain Mail Armor
67:24 Padded Archer Armor
68:56 Coinage
68:11 Elite Skirmisher
70:11 Leather Archer Armor
70:27 Plate Mail Armor
72:27 Ring Archer Armor
90:03 Capped Ram
91:49 Banking
Kuro
0:32 Loom
12:22 Feudal Age
12:49 Double-Bit Axe
13:25 Horse Collar
14:01 Arson
14:22 Man-at-Arms
17:33 Scale Mail Armor
26:11 Castle Age
25:39 Forging
26:43 Pikeman
28:32 Chain Mail Armor
28:53 Iron Casting
28:43 Heavy Plow
32:20 Bow Saw
35:41 Wheelbarrow
38:07 Town Watch
38:39 Hand Cart
39:54 Long Swordsman
40:20 Gambesons
40:35 Squires
44:01 Imperial Age
44:09 Fortified Wall
45:22 Plate Mail Armor
44:17 Two-Handed Swordsman
46:30 Two-Man Saw
46:40 Blast Furnace
45:39 Champion
48:22 Conscription
47:44 Elite Samurai
49:57 Fletching
50:20 Gold Mining
50:39 Halberdier
59:01 Capped Ram
67:27 Light Cavalry
68:17 Bloodlines
68:08 Husbandry
68:19 Scale Barding Armor
76:42 Caravan
85:32 Chain Barding Armor
Connection lost

Rejoining the realm…

Still unreachable

The connection could not be restored.

Session expired

The server has moved on; the page needs a fresh start.